 Dungeon Crawl Stone Soup version 0.27-a0-46-g34d46f0a3f (webtiles) character file.

Game seed: 10135305338417676983

40709 Borgoz the Fighter (level 14, -3/127 HPs)
             Began as a Ghoul Monk on Jan 7, 2021.
             Was an Elder of Ashenzari.
             Slain by a komodo dragon (22 damage)
             ... on level 1 of the Lair of Beasts.
             The game lasted 00:29:56 (20297 turns).

Borgoz the Fighter (Ghoul Monk)                    Turns: 20297, Time: 00:29:57

Health: -3/127     AC: 25    Str: 18    XL:     14   Next: 12%
Magic:  20/20      EV: 14    Int:  7    God:    Ashenzari [****..]
Gold:   950        SH:  5    Dex: 19    Spells: 17/22 levels left

rFire    + . .     SeeInvis +     - Unarmed
rCold    + . .     Faith    .   E - +0 buckler
rNeg     + + +     Spirit   .   D - +5 chain mail "Leudgh" {+Inv rPois rF+ Int+2}
rPois    ∞         Reflect  .   k - +0 helmet
rElec    .         Harm     .   o - +0 cloak
rCorr    .         Rampage  .   (no gloves)
Will     +....     Clarity  +   i - +1 pair of boots
Stlth    ..........             n - amulet of the acrobat
HPRegen  0.00/turn              q - +6 ring of dexterity
MPRegen  0.17/turn              f - +4 ring of protection

@: studying Fighting
A: claws 1, cold resistance 1, negative energy resistance 3, inhibited
regeneration, torment resistance, unbreathing
a: Renounce Religion, Evoke Invisibility, Curse Item, Scrying


You were on level 1 of the Lair of Beasts.
You worshipped Ashenzari.
Ashenzari was greatly pleased with you.
You visited 3 branches of the dungeon, and saw 14 of its levels.
You also visited: Bailey and Ice Cave.

You collected 950 gold pieces.

Inventory:

Hand Weapons
 I - a +0 short sword
Armour
 i - a +1 pair of boots (worn)
 k - a +0 helmet (worn)
 o - a +0 cloak (worn)
 w - a +0 crystal plate armour
 C - a +0 troll leather armour
 D - the +5 chain mail "Leudgh" (worn) {+Inv rPois rF+ Int+2}
   (You found it on level 10 of the Dungeon)

   It affects your intelligence (+2).
   It protects you from fire.
   It protects you from poison.
   It lets you turn invisible.
 E - a +0 buckler (worn)
Jewellery
 a - an uncursed ring of flight
 f - a +4 ring of protection (right claw)
 m - an uncursed ring of protection from cold
 n - an amulet of the acrobat (around neck)
 q - a +6 ring of dexterity (left claw)
 B - an uncursed ring of protection from fire
 F - an uncursed ring of protection from cold
Wands
 c - a wand of digging (6)
 e - a wand of enslavement (8)
 l - a wand of paralysis (19)
 s - a wand of iceblast (32)
 u - a wand of flame (12)
 z - a wand of acid (15)
 G - a wand of random effects (19)
 H - a wand of disintegration (8)
Scrolls
 g - 2 scrolls of enchant weapon
 h - 10 scrolls of remove curse
 j - 3 scrolls of teleportation
 p - a scroll of enchant armour
 r - 2 scrolls of blinking
 v - 2 scrolls of amnesia
 x - a scroll of acquirement {unknown}
 A - 2 scrolls of identify
 J - a scroll of magic mapping {unknown}
Potions
 b - 3 potions of brilliance
 d - 2 potions of magic
 t - a potion of cancellation
Books
 y - a manual of Fighting


   Skills:
 * Level 12.6 Fighting
 * Level 9.8 Armour
 * Level 10.2 Dodging
 - Level 5.0 Stealth
 + Level 3.1 Shields
 * Level 12.5 Unarmed Combat
 + Level 4.9 Spellcasting
 + Level 4.9 Hexes
 + Level 2.8 Translocations
 + Level 4.2 Evocations


You had 17 spell levels left.
You knew the following spells:

 Your Spells              Type           Power        Failure   Level
a - Confusing Touch       Hex            8%           73%         3
b - Blink                 Tloc           N/A          78%         2

Your spell library contained the following spells:

 Spells                   Type           Power        Failure   Level
 Corona                   Hex            8%           36%         1
 Slow                     Hex            8%           50%         2
 Tukima's Dance           Hex            8%           73%         3
 Ensorcelled Hibernation  Hex/Ice        10%          83%         2
 Freeze                   Ice            4%           96%         1
 Magic Dart               Conj           4%           96%         1
 Dazzling Flash           Conj/Hex       10%          97%         3
 Call Imp                 Summ           1%           99%         2
 Conjure Flame            Conj/Fire      1%           100%        3
 Mephitic Cloud           Conj/Pois/Air  1%           100%        3
 Ozocubu's Armour         Ice            1%           100%        3
 Summon Ice Beast         Ice/Summ       1%           100%        4
 Metabolic Englaciation   Hex/Ice        2%           100%        5
 Freezing Cloud           Conj/Ice/Air   0%           100%        6
 Ozocubu's Refrigeration  Ice            0%           100%        6
 Beastly Appendage        Tmut           Unusable     N/A         1
 Wereblood                Tmut           Unusable     N/A         2
 Spider Form              Tmut/Pois      Unusable     N/A         3
 Ice Form                 Ice/Tmut       Unusable     N/A         4
 Blade Hands              Tmut           Unusable     N/A         5

Dungeon Overview and Level Annotations

Branches:
Dungeon (12/15)            Temple (1/1) D:6            Lair (1/6) D:10
    Orc (0/2) D:9          Bailey (visited)           IceCv (visited)

Altars:
Ashenzari
Cheibriados
Dithmenos
Elyvilon
Fedhas
Gozag
Hepliaklqana
Kikubaaqudgha
Makhleb
Nemelex Xobeh
Okawaru
Qazlal
Ru
Sif Muna
Trog
Uskayaw
Vehumet
Wu Jian
Xom
Yredelemnul
Zin
The Shining One

Shops:
D:4 (   D:9 ([


Innate Abilities, Weirdness & Mutations

You thrive by killing the living.
You are immune to poison.
You have sharp fingernails.
Your flesh is cold resistant. (rC+)
You are immune to negative energy. (rN+++)
You do not regenerate when monsters are visible.
You are immune to unholy pain and torment.
You can survive without breathing.


Message History

Okay, then.
Okay, then.
The blink frog blinks!
The blink frog blinks!
The blink frog blinks! x3
You barely miss the komodo dragon.
The komodo dragon is lightly wounded.
The blink frog blinks!
You claw the komodo dragon!
The komodo dragon is moderately wounded.
The blink frog misses you. The komodo dragon bites you!
* * * LOW HITPOINT WARNING * * *
The blink frog hits you but does no damage.
You scratch the komodo dragon.
The komodo dragon is heavily wounded.
The komodo dragon misses you.
You scratch the komodo dragon.
The komodo dragon is heavily wounded.
The komodo dragon bites you!!
You die...

, #..# ##...#
*P....*
*#...#**
##...#*
##...#* ###
##.FF#* #.#
##..@#* .##
##..l## .>##
##..F.# ...##
##....##
...†###
##..§###
#.....###..F##
#....†##...##
###.......##
##......#


You could see a komodo dragon and 4 blink frogs.

Vanquished Creatures
  A frost giant (IceCv)
  Erica (D:10)
  2 two-headed ogres
  A queen ant (D:11)
  4 death yaks (IceCv)
  An orc knight (Bailey)
  2 ugly things (D:12)
  Maurice (D:8)
  Maggie (D:7)
  Psyche (D:8)
  An ice statue (IceCv)
  A cane toad (Lair:1)
  A rime drake (Lair:1)
  A gargoyle (D:10)
  A komodo dragon (D:10)
  A kobold demonologist (D:11)
  14 polar bears
  3 trolls
  Grinder (D:5)
  3 slime creatures (D:10)
  Prince Ribbit (D:8)
  8 blink frogs (Lair:1)
  A vampire (D:11)
  2 wraiths (D:10)
  A wyvern (D:9)
  27 yaks
  A basilisk (D:12)
  20 soldier ants (D:11)
  3 water moccasins
  26 orc warriors
  3 ice beasts
  3 sky beasts
  3 phantoms
  2 black bears
  20 wolves (IceCv)
  An eye of draining (D:12)
  13 ogres
  3 centaurs
  A big kobold (D:11)
  7 bullfrogs
  A wyvern skeleton (D:5)
  A water moccasin skeleton (D:6)
  A scorpion (D:11)
  4 howler monkeys
  6 wights
  3 vampire bats (D:5)
  4 jellies
  3 bullfrog zombies
  12 orc priests
  2 bullfrog skeletons
  3 centaur skeletons
  5 hounds
  12 orc wizards
  6 iguanas
  27 worker ants
  A killer bee zombie (D:5)
  A hound zombie (D:11)
  3 hound skeletons
  Robin (D:2)
  3 gnolls (D:7)
  8 adders
  A shadow imp (D:5)
  2 white imps
  2 oozes
  2 adder skeletons
  An adder zombie (D:7)
  A worm (D:3)
  2 dart slugs
  6 leopard geckos
  81 orcs
  7 bats
  3 bat skeletons (D:5)
  3 bat zombies (D:5)
  7 giant cockroaches
  18 goblins
  8 hobgoblins
  5 jackals
  3 quokkas
  6 frilled lizards
  A giant cockroach zombie (D:5)
  14 kobolds
  A quokka skeleton (D:4)
  A quokka zombie (D:10)
  8 rats
  A bush (D:6)
479 creatures vanquished.

Vanquished Creatures (others)
  A wolf (IceCv)
  2 worker ants (D:5)
  An ufetubus (D:5)
  2 orcs (Bailey)
  A ball python (D:5)
  A jackal (D:5)
  A quokka (D:5)
  36 plants
45 creatures vanquished.

Grand Total: 524 creatures vanquished

Notes
Turn   | Place    | Note
-------+----------+-------------------------------------------
     0 | D:1      | Borgoz the Ghoul Monk began the quest for the Orb.
     0 | D:1      | Reached XP level 1. HP: 19/19 MP: 0/0
   309 | D:1      | Reached XP level 2. HP: 26/26 MP: 1/1
   778 | D:1      | Reached XP level 3. HP: 31/31 MP: 2/2
   976 | D:2      | Reached skill level 1 in Armour
  1109 | D:2      | Noticed Robin
  1165 | D:2      | Killed Robin
  1166 | D:2      | Reached XP level 4. HP: 26/40 MP: 3/3
  1393 | D:2      | Noticed an ice beast
  1413 | D:2      | Killed an ice beast
  1414 | D:2      | Reached XP level 5. HP: 41/47 MP: 4/4
  2665 | D:4      | Noticed an ogre
  2677 | D:4      | Killed an ogre
  2678 | D:4      | Reached XP level 6. HP: 50/53 MP: 5/5
  2725 | D:4      | Reached skill level 5 in Unarmed Combat
  2814 | D:4      | Noticed a phantom
  2854 | D:4      | Killed a phantom
  2855 | D:4      | Reached skill level 5 in Fighting
  2855 | D:4      | Reached XP level 7. HP: 52/61 MP: 6/6
  2905 | D:4      | Found Huir Iqe's Antique Weapon Boutique.
  3503 | D:5      | Entered Level 5 of the Dungeon
  4287 | D:5      | Reached XP level 8. HP: 43/70 MP: 7/7
  4510 | D:5      | Found a shimmering altar of Xom.
  4776 | D:5      | Noticed Grinder
  5202 | D:5      | Reached skill level 5 in Dodging
  5312 | D:5      | Found a radiant altar of Vehumet.
  5408 | D:5      | Found an ancient bone altar of Kikubaaqudgha.
  5534 | D:5      | Found an ornate altar of the Wu Jian Council.
  5668 | D:6      | Reached XP level 9. HP: 52/78 MP: 8/8
  6024 | D:5      | Paralysed by Grinder for 4 turns
  6039 | D:5      | Killed Grinder
  6687 | D:6      | Reached skill level 5 in Armour
  6941 | D:6      | Found a blossoming altar of Fedhas.
  7194 | D:6      | Found a staircase to the Ecumenical Temple.
  7207 | Temple   | Entered the Ecumenical Temple
  7306 | Temple   | Became a worshipper of Ashenzari the Shackled
  7306 | Temple   | Reached * piety under Ashenzari
  7306 | Temple   | Reached ** piety under Ashenzari
  7753 | D:7      | Noticed Maggie
  7772 | D:7      | Killed Maggie
  8639 | D:7      | Reached XP level 10. HP: 73/88 MP: 9/9
  8777 | D:7      | Learned a level 3 spell: Confusing Touch
  8780 | D:7      | Learned a level 2 spell: Blink
  8938 | D:8      | Noticed Prince Ribbit
  8944 | D:8      | Killed Prince Ribbit
  8945 | D:8      | Reached skill level 10 in Unarmed Combat
  9372 | D:8      | Found a glowing silver altar of Zin.
  9575 | D:8      | Found a stormy altar of Qazlal.
  9691 | D:8      | Noticed Maurice
  9722 | D:8      | Killed Maurice
  9723 | D:8      | Reached skill level 1 in Spellcasting
  9723 | D:8      | Reached skill level 1 in Hexes
  9889 | D:8      | Noticed Psyche
  9898 | D:8      | Killed Psyche
 10029 | D:9      | Found Oshrieretz's Armour Emporium.
 10035 | D:9      | Found a staircase to the Orcish Mines.
 10072 | D:9      | Found Amocal's Weapon Emporium.
 10204 | D:9      | Found a flagged portal.
 10220 | Bailey   | Entered a bailey
 10970 | Bailey   | Found a roughly hewn altar of Beogh.
 10970 | Bailey   | Noticed an orc knight
 11423 | Bailey   | Reached XP level 11. HP: 87/95 MP: 12/12
 11489 | Bailey   | Killed an orc knight
 11786 | D:9      | Noticed a two-headed ogre
 11798 | D:9      | Killed a two-headed ogre
 12324 | D:9      | Reached XP level 12. HP: 105/105 MP: 13/16
 12664 | D:10     | Entered Level 10 of the Dungeon
 13066 | D:10     | Found a shimmering blue altar of Sif Muna.
 13114 | D:10     | Found a staircase to the Lair.
 13202 | D:10     | Reached *** piety under Ashenzari
 13560 | D:10     | Reached skill level 10 in Fighting
 13608 | D:10     | Got the uncursed chain mail "Leudgh" {+Inv rPois rF+ Int+2}
 13619 | D:10     | Identified the +5 chain mail "Leudgh" {+Inv rPois rF+
                  | Int+2} (You found it on level 10 of the Dungeon)
 14474 | D:11     | Noticed Erica
 14852 | D:10     | Killed Erica
 15194 | D:11     | Reached skill level 1 in Shields
 15328 | D:11     | Reached skill level 1 in Translocations
 15751 | D:11     | Reached XP level 13. HP: 115/115 MP: 18/18
 17288 | D:12     | Reached **** piety under Ashenzari
 17407 | D:12     | Reached skill level 5 in Stealth
 17758 | Lair:1   | Entered Level 1 of the Lair of Beasts
 17892 | Lair:1   | Found a frozen archway.
 18059 | IceCv    | Entered an ice cave
 18826 | IceCv    | Reached skill level 10 in Dodging
 19587 | IceCv    | Noticed a frost giant
 19631 | IceCv    | Killed a frost giant
 19632 | IceCv    | Reached XP level 14. HP: 83/127 MP: 20/20
 19681 | IceCv    | Identified the Catalogue of the Frostbite
 20297 | Lair:1   | Slain by a komodo dragon

Illustrated notes

Levels and vault maps discovered:
D:1:      dpeg_arrival_line_fractal, layout_basic
D:2:      layout_basic, uniq_robin
D:3:      layout_basic, hangedman_decor_clover_reticule
D:4:      layout_basic, serial_bayou, serial_bayou_pond_a, serial_bayou_pond_c,
          serial_bayou_shore_a, serial_bayou_shore_b, serial_shops, shop,
          minmay_goblin_kobold_house
D:5:      layout_cave_pools, xom_confusion_cloud, kennysheep_vampire_church,
          grunt_temple_overflow_open, uniq_grinder
D:6:      layout_basic, minmay_temple_entry_offerings,
          fedhas_bush_and_centaur_altar
D:7:      layout_basic, serial_curves, eino_curves_04, eino_curves_02,
          uniq_maggie
D:8:      layout_gridville, kennysheep_mini_moat, lemuel_crystal_altar,
          special_room [special_room_orc], chequers_serial_rivers_large_a,
          kennysheep_cluttered_room, uniq_psyche, uniq_maurice,
          uniq_prince_ribbit1
D:9:      layout_loops_ring, orc_david_3, enter_bailey_3
D:10:     layout_loops_ring, david_lair_shrubbed, basic_altar
D:11:     layout_layer_cave, grunt_ministairs_6, minivault_29, uniq_erica
D:12:     layout_layer_cave
Temple:   compressed_dpeg_circular_temple
Lair:1:   layout_hall_layers, portal_ice_cave_entry_pillars_1,
          cheibrodos_lair_caveside_slide, eino_small_chamber_without_monster,
          lemuel_fruit_tree

Skill      XL: |  1  2  3  4  5  6  7  8  9 10 11 12 13 14 |
---------------+-------------------------------------------+-----
Dodging        | 3 4 5 6 7 8 9 10 | 10.2
Armour         | 1 2 3 4 5 6 8 9 |  9.8
Fighting       | 4 5 6 7 8 9 10 12 | 12.6
Unarmed Combat | 4 5 6 8 9 10 11 12 | 12.5
Spellcasting   | 1 3 4 |  4.9
Hexes          | 1 3 4 |  4.9
Stealth        | 4 5 |  5.0
Evocations     | 2 3 4 |  4.2
Shields        | 1 2 3 |  3.1
Translocations | 1 2 |  2.8

Action                   |  1- 3 |  4- 6 |  7- 9 | 10-12 | 13-15 || total
-------------------------+-------+-------+-------+-------+-------++-------
Melee: Unarmed           |   108 |   180 |   446 |   821 |   718 ||  2273
       Punch             |     1 |     2 |    22 |    38 |       ||    63
Throw: Throwing net      |       |       |       |     1 |       ||     1
 Abil: Evoke Flight      |       |       |       |     4 |       ||     4
       Evoke Invisibilit |       |       |       |       |     1 ||     1
Evoke: Wand              |       |       |     1 |     2 |       ||     3
  Use: Potion            |     1 |     2 |    11 |     6 |     3 ||    23
       Scroll            |       |     9 |     5 |     7 |     1 ||    22
 Stab: Sleeping          |     1 |       |       |     9 |       ||    10
       Paralysed         |       |       |     2 |     4 |       ||     6
       Held in net/web   |       |       |       |     1 |       ||     1
       Invisible         |       |       |       |       |    20 ||    20
Armor: Robe              |     4 |       |       |       |       ||     4
       Scale mail        |    36 |    85 |   148 |       |       ||   269
       Steam dragon scal |       |       |     4 |   115 |       ||   119
       Chain mail        |       |       |       |   153 |   343 ||   496
Dodge: Dodged            |    56 |   122 |   282 |   601 |   403 ||  1464
Block: Buckler           |       |       |       |    54 |   171 ||   225

Table legend: (Time is in decaauts)
 A = Elapsed time spent in this place.
 B = Non-inter-level travel time spent in this place.
 C = Inter-level travel time spent in this place.
 D = Time resting spent in this place.
 E = Time spent auto-exploring this place.
 F = Levels seen in this place.
 G = Mean time per level.
                   A        B        C        D        E       F      G
               +--------+--------+--------+--------+--------+-----+--------+
         Total |  19863 |  19140 |    723 |   5770 |   9272 |  16 | 1241.4 |
       Dungeon |  15825 |  15117 |    708 |   3944 |   8178 |  12 | 1318.8 |
        Temple |    114 |     99 |     15 |      0 |     69 |   1 |  114.0 |
          Lair |    427 |    427 |      0 |     48 |    128 |   1 |  427.0 |
        Bailey |   1487 |   1487 |      0 |    997 |    154 |   1 | 1487.0 |
      Ice Cave |   2007 |   2007 |      0 |    781 |    743 |   1 | 2007.0 |
               +--------+--------+--------+--------+--------+-----+--------+

Top non-repeatable levels by time:
    D:11: 2251 daAuts
   IceCv: 2007 daAuts
    D:10: 1894 daAuts
     D:4: 1776 daAuts
     D:5: 1556 daAuts
     D:6: 1541 daAuts
  Bailey: 1487 daAuts
     D:7: 1189 daAuts
     D:9: 1164 daAuts
     D:8: 1001 daAuts
     D:1: 949 daAuts
     D:2: 940 daAuts
    D:12: 811 daAuts
     D:3: 749 daAuts
  Lair:1: 427 daAuts
